 Dungeon Crawl Stone Soup version 0.27-a0-1557-g57f10a385c (webtiles) character file.

Game seed: 1541921094258472894

21 Sin92 the Skirmisher (level 2, 0/24 HPs)
             Began as a Demonspawn Fighter on July 15, 2021.
             Slain by a gnoll (3 damage)
             ... on level 1 of the Dungeon.
             The game lasted 00:00:25 (800 turns).

Sin92 the Skirmisher (Demonspawn Fighter)            Turns: 800, Time: 00:00:25

Health: 0/24       AC:  6    Str: 16    XL:     2   Next: 65%
Magic:  2/2        EV:  7    Int:  9    God:
Gold:   40         SH:  8    Dex: 12    Spells: 1/1 levels left

rFire    . . .     SeeInvis .   a - +0 war axe
rCold    . . .     Faith    .   c - +0 kite shield
rNeg     . . .     Spirit   .   b - +0 scale mail
rPois    .         Reflect  .   (no helmet)
rElec    .         Harm     .   (no cloak)
rCorr    .         Rampage  .   (no gloves)
Will     .....                  (no boots)
Stlth    ..........             (no amulet)
HPRegen  0.08/turn              (no ring)
MPRegen  0.08/turn              (no ring)

@: no status effects
A: demonic guardian 1
a: no special abilities


You were on level 1 of the Dungeon.
You visited 1 branch of the dungeon, and saw 1 of its levels.

You collected 40 gold pieces.

Inventory:

Hand Weapons
 a - a +0 war axe (weapon)
Armour
 b - a +0 scale mail (worn)
 c - a +0 kite shield (worn)
Scrolls
 e - a scroll of enchant weapon {unknown}
 f - a scroll of fear {unknown}
Potions
 d - a potion of might
 g - 2 potions of invisibility {unknown}


   Skills:
 + Level 3.2 Fighting
 + Level 2.0 Axes
 + Level 2.9 Armour
 + Level 0.7 Dodging
 + Level 2.9 Shields


You had one spell level left.
You didn't know any spells.
Your spell library contained the following spells:

 Spells                   Type           Power      Damage    Failure   Level
 Shock                    Conj/Air       0%         1d3       100%        1
 Blink                    Tloc           N/A        N/A       100%        2
 Lesser Beckoning         Tloc           0%         N/A       100%        3
 Swiftness                Air            0%         N/A       100%        3
 Airstrike                Air            0%         N/A       100%        4
 Manifold Assault         Tloc           0%         N/A       100%        5


Dungeon Overview and Level Annotations

Branches:
Dungeon (1/15)

Altars:


Innate Abilities, Weirdness & Mutations

A weak demonic guardian rushes to your aid.


Message History

The endoplasm quivers.
An endoplasm is nearby!
An endoplasm is nearby!
The endoplasm hits you but does no damage.
Your shield prevents you from hitting the endoplasm.
The endoplasm hits you but does no damage. x2
An endoplasm is nearby!
You slash the endoplasm!
You kill the endoplasm!
A gnoll comes into view. It is wielding a +0 spear.
Found a club.
Found a stone staircase leading down.
The gnoll shouts!
A gnoll is nearby!
The gnoll barely misses you.
A gnoll is nearby!
You barely miss the gnoll. The gnoll hits you with a +0 spear.
A gnoll is nearby!
You barely miss the gnoll. The gnoll hits you with a +0 spear. x2
A demonic guardian appears!
A gnoll is nearby!
You are too injured to fight recklessly!
A gnoll is nearby!
You are too injured to fight recklessly!
You are too injured to fight recklessly!
Unknown command.
You hit the gnoll.
The gnoll is lightly wounded.
The gnoll hits you with a +0 spear.
Your shadow imp hits the gnoll.
The gnoll hits you with a +0 spear.
* * * LOW HITPOINT WARNING * * *
You hit the gnoll but do no damage.
The gnoll is heavily wounded.
Your shadow imp hits the gnoll.
You block the gnoll's attack.
Your shadow imp closely misses the gnoll.
You closely miss the gnoll.
The gnoll is severely wounded.
You block the gnoll's attack.
Your shadow imp barely misses the gnoll.
The gnoll hits you with a +0 spear.
You die...

###.# #.......#### #
#...# #.......######
#.#### #.......#.....
#.##.###.............
#.#.#.##.......#...#.
#..###.#.......#.#.#.
###.#.##.............
#.#######.##.##.##
#@# #####.##.##.#
#g###...........#
######
#5##.........##.#
.....#
#>.....##.##.##.#
.....###
####...##.#...#.#
.......#
###.#...†....#
##...#.# ###
#.#.##...###
≈#[..#.####.####
#.......##
≈###.#.........#
###.##### ##


You could see a gnoll (ally target) and a friendly shadow imp (summoned).

Vanquished Creatures
  A dart slug (D:1)
  A bat (D:1)
  6 endoplasms (D:1)
  2 hobgoblins (D:1)
  4 jackals (D:1)
  A ball python (D:1)
15 creatures vanquished.

Notes
Turn   | Place    | Note
-------+----------+-------------------------------------------
     0 | D:1      | Sin92 the Demonspawn Fighter began the quest for the Orb.
     0 | D:1      | Reached XP level 1. HP: 18/18 MP: 1/1
   236 | D:1      | Gained mutation: A weak demonic guardian rushes to your
                  | aid. [demonic ancestry]
   236 | D:1      | Reached XP level 2. HP: 24/24 MP: 2/2
   246 | D:1      | Found a faded altar of an unknown god.
   800 | D:1      | Slain by a gnoll

Illustrated notes

Levels and vault maps discovered:
D:1:      eino_arrival_tree_alley, layout_loops_cross,
          shapermc_ecumenical_altar_flowoftime, chequers_serial_rivers_micro_a,
          minmay_misc_feat_four_crosses

Skill      XL: |  1 |
---------------+----+-----
Axes           | 2 |  2.0
Fighting       | |  3.2
Armour         | |  2.9
Dodging        | |  0.7
Shields        | |  2.9

Action                   || total
-------------------------++-------
Melee: War axe           ||    41
Armor: Scale mail        ||    20
Dodge: Dodged            ||    10
Block: Kite shield       ||    16

Table legend: (Time is in decaauts)
 A = Elapsed time spent in this place.
 B = Non-inter-level travel time spent in this place.
 C = Inter-level travel time spent in this place.
 D = Time resting spent in this place.
 E = Time spent auto-exploring this place.
 F = Levels seen in this place.
 G = Mean time per level.
                   A        B        C        D        E       F      G
               +--------+--------+--------+--------+--------+-----+--------+
         Total |    825 |    825 |      0 |      0 |    708 |   1 |  825.0 |
       Dungeon |    825 |    825 |      0 |      0 |    708 |   1 |  825.0 |
               +--------+--------+--------+--------+--------+-----+--------+

Top non-repeatable levels by time:
     D:1: 825 daAuts
